 Dungeon Crawl Stone Soup version 0.17.0-8-gb983d21 (console) character file.

4021 Kloppie the Grappler (level 10, -12/90 HPs)
             Began as a Ghoul Monk on Nov 9, 2015.
             Was an Elder of Makhleb.
             Mangled by a hill giant
             ... wielding a +0 giant club
              (20 damage)
             ... on level 8 of the Dungeon.
             The game lasted 00:23:36 (6757 turns).

Kloppie the Grappler (Ghoul Monk)                   Turns: 6757, Time: 00:23:36

Health: -12/90     AC: 15    Str: 19    XL:     10   Next: 23%
Magic:  12/12      EV:  8    Int:  5    God:    Makhleb [****..]
Gold:   394        SH:  4    Dex: 11    Spells: 0 memorised, 9 levels left

rFire  . . .     SeeInvis .       - Unarmed
rCold  + + .     Clarity  .     d - +0 shadow dragon armour
rNeg   + + +     SustAt   .     l - +0 buckler
rPois  ∞         Gourm    .     (no helmet)
rElec  .         Spirit   .     (no cloak)
rCorr  .         Warding  .     (no gloves)
rMut   .         Stasis   .     f - +1 pair of boots
MR     .....                    (no amulet)
Stlth  +++.......               r - ring of protection from cold
                                (no ring)

@: rotting, not resistant to hostile enchantments, fairly stealthy
A: rotting body, claws 1, carnivore 3, cold resistance 1, negative energy
resistance 3, slow regeneration 1, torment resistance, unbreathing
a: Minor Destruction, Lesser Servant of Makhleb, Major Destruction, Renounce
Religion


You were on level 8 of the Dungeon.
You worshipped Makhleb.
Makhleb was greatly pleased with you.
You were not hungry.

You visited 2 branches of the dungeon, and saw 9 of its levels.

You collected 416 gold pieces.
You spent 22 gold pieces at shops.

Inventory:

Hand Weapons
 b - a +1 blowgun
Missiles
 c - 3 curare-tipped needles
 n - 23 poisoned needles
Armour
 d - a +0 shadow dragon armour (worn)
 f - a +1 pair of boots (worn)
 l - a +0 buckler (worn)
 G - a +0 shield
Jewellery
 o - an uncursed ring of ice
 r - a ring of protection from cold (right claw)
 I - the ring "Jeteerior" {rF+ Dex+2, unknown}
   (You found it on level 8 of the Dungeon)

   [ring of protection from fire]

   It affects your dexterity (+2).
   It protects you from fire.
Wands
 p - a wand of paralysis (14)
 s - a wand of fireball (7)
 v - a wand of lightning (11)
 x - a wand of random effects (38)
 y - a wand of paralysis (11)
Scrolls
 e - 3 scrolls of remove curse
 g - 3 scrolls of teleportation
 h - a scroll of amnesia
 j - 3 scrolls of enchant weapon
 E - a scroll of fog
 H - a scroll of magic mapping
Potions
 a - 2 potions of agility
 k - 4 potions of curing
 m - a potion of flight
 t - 2 potions of invisibility
 u - 3 potions of heal wounds {unknown}
 w - a potion of might {unknown}
 z - a potion of brilliance {unknown}
Books
 A - a book of Callings

   Spells                             Type                      Level
   a - Summon Small Mammal            Summoning                    1
   b - Call Imp                       Summoning                    2
   c - Call Canine Familiar           Summoning                    3
   d - Summon Guardian Golem          Hexes/Summoning              3
   e - Summon Lightning Spire         Summoning/Air                4
   f - Summon Ice Beast               Ice/Summoning                4
 B - a book of Changes

   Spells                             Type                      Level
   a - Beastly Appendage              Transmutation                1
   b - Sticks to Snakes               Transmutation                2
   c - Spider Form                    Transmutation/Poison         3
   d - Ice Form                       Ice/Transmutation            4
   e - Blade Hands                    Transmutation                5
 C - a book of Envenomations

   Spells                             Type                      Level
   a - Spider Form                    Transmutation/Poison         3
   b - Alistair's Intoxication        Transmutation/Poison         4
   c - Olgreb's Toxic Radiance        Poison                       4
   d - Poisonous Cloud                Conjuration/Poison/Air       6
 D - a book of Cantrips

   Spells                             Type                      Level
   a - Corona                         Hexes                        1
   b - Animate Skeleton               Necromancy                   1
   c - Summon Small Mammal            Summoning                    1
   d - Apportation                    Translocation                1
 F - a book of the Tempests

   Spells                             Type                      Level
   a - Static Discharge               Conjuration/Air              3
   b - Lightning Bolt                 Conjuration/Air              5
   c - Fireball                       Conjuration/Fire             5
   d - Tornado                        Air                          9
   e - Shatter                        Earth                        9
Comestibles
 i - 11 chunks of flesh
 q - 7 meat rations


   Skills:
 - Level 8.4 Fighting
 + Level 6.1 Armour
 - Level 2.6 Dodging
 - Level 2.1 Stealth
 - Level 4.1 Shields
 + Level 10.2 Unarmed Combat
 + Level 4.6 Invocations


You had 9 spell levels left.
You didn't know any spells.

Dungeon Overview and Level Annotations

Branches:
Dungeon (8/15)             Temple (1/1) D:5            Lair (0/8) D:8

Altars:
Ashenzari
Cheibriados
Dithmenos
Fedhas
Gozag
Kikubaaqudgha
Makhleb
Nemelex Xobeh
Okawaru
Qazlal
Ru
Sif Muna
Trog
Vehumet
Xom
Yredelemnul

Shops:
D:4 ?   D:7 !


Innate Abilities, Weirdness & Mutations

Your body is rotting away.
You thrive on raw meat.
You are immune to poison.
You have sharp fingernails.
You are carnivorous and can eat meat at any time.
Your flesh is cold resistant.
You are immune to negative energy.
You regenerate slowly when monsters are visible.
You are immune to unholy pain and torment.
You can survive without breathing.


Message History

You claw the hill giant!
The hill giant is moderately wounded.
You block the hound's attack.
You claw the hill giant!
The hill giant is severely wounded.
You block the hound's attack.
The hill giant hits you with a giant club!!
* * * LOW HITPOINT WARNING * * *
You scratch the hill giant but do no damage.
The hill giant is severely wounded.
The hound bites you but does no damage.
The hill giant hits you with a giant club!
* * * LOW HITPOINT WARNING * * *
You completely miss the hill giant.
The hill giant is severely wounded.
You block the hound's attack. x2
You claw the hill giant!
The hill giant is severely wounded.
The hill giant hits you with a giant club!!
You die...

#.#.#.#.#.# #)#
#####....######.#
#.#.....#.###.# #........#
#.#.####...#### #.......##
#.#.###.....## #.......###
.....#....P..# #.........#
#.#.##.P.....########.[...#
#.#....P.......#### #.....#
#.###.............###))...#
#.##.....>.....##..?.######
..##..........######...#
..##..........# ###...#
#.##.#.......## ##....
.....#..P....# ...
#######.....## .# #######
########...## # .......
#.....###.## .C...#
#.....###.## .....#
#..........+ #####.....#
#.....###### #..@C.....#
##+#....# #...h....>#
#.<#..#.# #....####.#
#.....#.# #....# #.##..#.#
#....# #.....#.# #.
#....### ####.##.####...
#......# #.........#
#.####.# #####......# #.#
.# ##............ #.# #
#....######... #.# #..#.#
## #.# ####.# #.# #?...#
#.# #.############ #.#
#.(..........# #.#
############.# #.# #.# #.#
#.##### #.#


You could see a hill giant and a hound.

Vanquished Creatures
  A cyclops (D:7)
  The ghost of Mayheim the Carver, a novice HEAs of Ashenzari (D:8)
  An elephant (D:8)
  A hippogriff (D:7)
  A water moccasin (D:8)
  Edmund (D:4)
  A sky beast (D:8)
  3 ogres
  2 crocodiles (D:8)
  A wyvern zombie (D:6)
  3 giant frogs
  2 scorpions
  The ghost of onono the Grave Robber, a weakling DsNe (D:4)
  3 wights
  A crimson imp (D:6)
  A jelly (D:7)
  6 hounds
  2 quasits
  2 giant frog skeletons (D:4)
  5 giant frog zombies
  6 orc priests
  9 orc wizards
  2 iguanas (D:6)
  6 worker ants
  A killer bee zombie (D:7)
  2 hound zombies (D:5)
  2 hound skeletons
  A worker ant zombie (D:5)
  12 adders
  2 shadow imps
  An ooze (D:4)
  3 adder zombies (D:5)
  2 adder skeletons
  4 worms
  8 giant geckos
  39 orcs
  3 giant cockroaches
  6 hobgoblins
  2 quokkas
  A ball python (D:4)
  10 bats
  A giant cockroach zombie (D:5)
  3 giant gecko skeletons
  A giant gecko zombie (D:5)
  2 giant newts
  8 goblins
  6 jackals
  A jackal skeleton (D:5)
  A jackal zombie (D:5)
  10 kobolds
  3 quokka skeletons
  2 quokka zombies (D:5)
  11 rats
210 creatures vanquished.

Notes
Turn   | Place    | Note
--------------------------------------------------------------
     0 | D:1      | Kloppie the Ghoul Monk began the quest for the Orb.
     0 | D:1      | Reached XP level 1. HP: 19/19 MP: 0/0
   155 | D:1      | Reached XP level 2. HP: 26/26 MP: 1/1
   671 | D:1      | Reached XP level 3. HP: 33/33 MP: 2/2
   703 | D:1      | Reached skill level 1 in Armour
  1018 | D:2      | Reached skill level 5 in Unarmed Combat
  1156 | D:2      | Found a shadowy altar of Dithmenos.
  1170 | D:2      | Reached XP level 4. HP: 35/40 MP: 3/3
  1821 | D:3      | Found a faded altar to an unknown god.
  1880 | D:3      | Reached XP level 5. HP: 41/45 MP: 4/4
  2125 | D:3      | Found a bloodstained altar of Trog.
  2600 | D:3      | Found a snail-covered altar of Cheibriados.
  2600 | D:3      | Found a shattered altar of Ashenzari.
  2899 | D:4      | Found Missar's Magic Scroll Boutique.
  2926 | D:4      | Reached skill level 1 in Shields
  2942 | D:4      | Reached XP level 6. HP: 40/55 MP: 5/5
  3236 | D:4      | Noticed onono's ghost (weakling DsNe)
  3254 | D:4      | Killed onono's ghost
  3254 | D:4      | Reached skill level 5 in Fighting
  3333 | D:4      | Noticed an ogre
  3395 | D:4      | Killed an ogre
  3395 | D:4      | Reached skill level 6 in Unarmed Combat
  3395 | D:4      | Reached XP level 7. HP: 17/61 MP: 6/6
  3881 | D:5      | Entered Level 5 of the Dungeon
  4228 | D:5      | Noticed Edmund
  4405 | D:4      | Killed Edmund
  4405 | D:4      | Reached XP level 8. HP: 56/70 MP: 7/7
  4474 | D:5      | Found a sacrificial altar of Ru.
  4497 | D:5      | Found an iron altar of Okawaru.
  4498 | D:5      | Found a radiant altar of Vehumet.
  4499 | D:5      | Found a blossoming altar of Fedhas.
  4510 | D:5      | Found a stormy altar of Qazlal.
  4518 | D:5      | Reached skill level 7 in Unarmed Combat
  4554 | D:5      | Found a staircase to the Ecumenical Temple.
  4563 | Temple   | Entered the Ecumenical Temple
  4610 | Temple   | Became a worshipper of Makhleb the Destroyer
  4610 | Temple   | Reached * piety under Makhleb
  4610 | Temple   | Reached ** piety under Makhleb
  5202 | D:6      | Found a stormy altar of Qazlal.
  5366 | D:6      | Reached XP level 9. HP: 71/79 MP: 8/8
  5474 | D:6      | Reached skill level 5 in Armour
  5495 | D:6      | Reached skill level 8 in Unarmed Combat
  5558 | D:6      | Reached *** piety under Makhleb
  5623 | D:6      | Found a deep blue altar of Sif Muna.
  5682 | D:7      | Noticed a cyclops
  5696 | D:7      | Killed a cyclops
  5819 | D:7      | Found Qayseg's Distillery.
  6061 | D:7      | Found a shattered altar of Ashenzari.
  6197 | D:7      | Bought a potion of degeneration for 11 gold pieces
  6197 | D:7      | Bought a potion of poison for 11 gold pieces
  6337 | D:8      | Found a sparkling altar of Nemelex Xobeh.
  6343 | D:8      | Found a staircase to the Lair.
  6344 | D:8      | Noticed an elephant
  6389 | D:8      | Killed an elephant
  6389 | D:8      | Reached skill level 9 in Unarmed Combat
  6455 | D:8      | Noticed Mayheim's ghost (novice HEAs)
  6479 | D:8      | Killed Mayheim's ghost
  6479 | D:8      | Reached XP level 10. HP: 65/90 MP: 9/11
  6505 | D:8      | Reached **** piety under Makhleb
  6552 | D:8      | Got a shimmering glass ring
  6594 | D:8      | Reached skill level 10 in Unarmed Combat
  6734 | D:8      | Noticed a hill giant
  6757 | D:8      | Mangled by a hill giant

Action                   |  1- 3 |  4- 6 |  7- 9 | 10-12 || total
-------------------------+-------+-------+-------+-------++-------
Melee: Unarmed           |   133 |   186 |   516 |    78 ||   913
 Fire: Blowgun           |       |     6 |     3 |       ||     9
Evoke: Wand              |       |       |     1 |       ||     1
  Use: Scroll            |       |     7 |     7 |       ||    14
 Stab: Sleeping          |     6 |    10 |     6 |     1 ||    23
       Distracted        |       |       |     2 |       ||     2
  Eat: Chunk             |     3 |     7 |    21 |     2 ||    33
